 Dungeon Crawl Stone Soup version 0.19-a0-854-gc78d25d (webtiles) character file.

2625 Implojin the Cleaver (level 9, -11/85 HPs)
             Began as a Minotaur Fighter on July 1, 2016.
             Was a Follower of Okawaru.
             Mangled by an orc warrior
             ... wielding a +0 long sword
              (13 damage)
             ... on level 10 of the Dungeon.
             The game lasted 00:10:39 (1427 turns).

Implojin the Cleaver (Minotaur Fighter)             Turns: 1427, Time: 00:10:39

Health: -11/85     AC:  9    Str: 20    XL:     9   Next: 34%
Magic:  7/8        EV:  5    Int:  5    God:    Okawaru [*.....]
Gold:   0          SH:  9    Dex: 14    Spells: 0 memorised, 8 levels left

rFire  . . .     SeeInvis .     a - +0 war axe
rCold  . . .     Gourm    .     d - +0 chain mail
rNeg   . . .     Faith    .     c - +0 shield
rPois  .         Spirit   .     (helmet restricted)
rElec  .         Dismiss  .     (no cloak)
rCorr  .         Reflect  .     (no gloves)
SustAt .         Harm     .     (no boots)
MR     .....                    (no amulet)
Stlth  ..........               (no ring)
                                (no ring)

@: not resistant to hostile enchantments, extremely unstealthy
A: retaliatory headbutt, horns 2
a: Heroism, Renounce Religion


You were on level 10 of the Dungeon.
You worshipped Okawaru.
Okawaru was aware of your devotion.
You were not hungry.

You visited 2 branches of the dungeon, and saw 11 of its levels.
You also visited: Ossuary.

Inventory:

Hand Weapons
 a - a +0 war axe (weapon)
Missiles
 s - a throwing net (quivered)
Armour
 b - a +0 scale mail
 c - a +0 shield (worn)
 d - a +0 chain mail (worn)
 i - a +0 ring mail
 u - a +2 leather armour of magic resistance
Jewellery
 r - an uncursed ring of loudness
Wands
 v - a wand of flame (14/48)
Scrolls
 e - a scroll of blinking {unknown}
 g - a scroll of immolation {unknown}
 n - 2 scrolls of remove curse
 o - a scroll of enchant armour {unknown}
 w - a scroll of random uselessness {unknown}
Potions
 h - a potion of curing
 k - a potion of flight
 l - a potion of resistance
 p - a potion of beneficial mutation {unknown}
Books
 q - a book of Fire

   Spells                             Type                      Level
   a - Ignite Poison                  Fire/Transmutation/Poison    3
   b - Fireball                       Conjuration/Fire             5
   c - Bolt of Fire                   Conjuration/Fire             6
   d - Delayed Fireball               Conjuration/Fire             7
   e - Ring of Flames                 Charms/Fire                  7
Comestibles
 f - 4 bread rations
 j - a beef jerky
 m - a chunk of flesh
 t - 7 slices of pizza


   Skills:
 - Level 10.0 Fighting
 - Level 12.0 Axes
 - Level 3.6 Armour
 - Level 3.6 Shields


You had 8 spell levels left.
You didn't know any spells.

Dungeon Overview and Level Annotations

Branches:
Dungeon (10/15)            Temple (1/1) D:6
   Lair: D:8-11         Orc: D:9-12

Altars:
Ashenzari
Cheibriados
Dithmenos
Fedhas
Gozag
Hepliaklqana
Kikubaaqudgha
Makhleb
Nemelex Xobeh
Okawaru
Pakellas
Qazlal
Ru
Sif Muna
Trog
Uskayaw
Vehumet
Xom
Yredelemnul
Zin
The Shining One


Innate Abilities, Weirdness & Mutations

You reflexively headbutt those who attack you in melee.
You have a pair of horns on your head.


Message History

You hit the orc warrior.
The orc warrior is moderately wounded.
Unknown command.
Unknown command.
You closely miss the orc wizard.
You hit the orc warrior but do no damage.
You hit the orc warrior. You block the orc wizard's attack.
The orc warrior hits you with a long sword.
* * * LOW HITPOINT WARNING * * *
The orc hits you from afar with a trident.
* * * LOW HITPOINT WARNING * * *
An orc priest comes into view. It is wielding a dagger.
Unknown command.
Unknown command.
Your shield and chain mail prevent you from hitting the orc wizard.
The orc priest shouts!
You slash the orc warrior!
You hit the orc warrior but do no damage.
Unknown command.
Unknown command.
You closely miss the orc wizard. Your headbutt misses the orc wizard.
You slash the orc warrior! You closely miss the orc warrior.
You feel like a meek peon again.
The orc wizard hits you but does no damage.
The orc hits you but does no damage.
The orc warrior hits you with a long sword!
* * * LOW HITPOINT WARNING * * *
The orc wizard hits you with a dagger.
* * * LOW HITPOINT WARNING * * *
Unknown command.
Okay, then.
You hit the orc wizard. Your headbutt misses the orc wizard.
The orc wizard is moderately wounded.
You hit the orc warrior but do no damage. x2
The orc warrior barely misses you.
The orc wizard hits you but does no damage.
You block the orc's attack.
The orc priest looks braver for a moment.
The orc warrior hits you with a long sword!
You die... ### ##(## #o@.# ..oooooo)#

......o..+
.........#
.#...#...#
##8###.##
## ###


You could see 3 orc warriors, 2 orc priests, an orc wizard and 2 orcs.

Vanquished Creatures
  Joseph (D:8)
  The ghost of blooo the Transmogrifier, a novice SpTm (D:4)
  A yak (D:8)
  Eustachio (D:6)
  A human (D:8)
  A hippogriff (D:9)
  Duvessa (D:4)
  The ghost of GlaceonGamingDJ the Covert, an amateur SpAs (Ossuary)
  A sky beast (D:10)
  An orc warrior (D:10)
  A centaur (D:9)
  2 ogres
  An elf zombie (Ossuary)
  A big kobold (D:7)
  A giant frog (D:9)
  Dowan (D:4)
  A scorpion (D:7)
  A jelly (D:7)
  A giant frog zombie (D:7)
  A crimson imp (D:7)
  3 human zombies (Ossuary)
  2 hounds (D:6)
  3 orc wizards (D:7)
  Terence (D:2)
  An iguana (D:7)
  3 sheep (D:8)
  A hound zombie (Ossuary)
  4 mummies (Ossuary)
  4 adders
  A shadow imp (D:6)
  An adder zombie (D:9)
  2 giant geckos (D:9)
  11 orcs
  A giant cockroach (D:7)
  A gnoll zombie (Ossuary)
  A quokka (D:6)
  2 ball pythons
  A giant newt (D:7)
  A goblin zombie (Ossuary)
  4 hobgoblin zombies (Ossuary)
  A jackal skeleton (D:7)
  A jackal zombie (Ossuary)
  8 kobolds
79 creatures vanquished.

Notes
Turn   | Place    | Note
-------+----------+-------------------------------------------
     0 | D:1      | Implojin the Minotaur Fighter began the quest for the Orb.
     0 | D:1      | Reached XP level 1. HP: 19/19 MP: 0/0
    17 | D:2      | Noticed Terence
    23 | D:2      | Reached skill level 3 in Axes
    23 | D:2      | Reached XP level 2. HP: 25/26 MP: 1/1
    23 | D:2      | Killed Terence
    23 | D:2      | Reached skill level 4 in Axes
    23 | D:2      | Reached XP level 3. HP: 29/31 MP: 2/2
    53 | D:3      | Noticed an ogre
    54 | D:3      | Killed an ogre
    54 | D:3      | Reached skill level 5 in Axes
    54 | D:3      | Reached XP level 4. HP: 39/39 MP: 3/3
    74 | D:4      | Noticed Duvessa
    82 | D:4      | Noticed Dowan
    93 | D:4      | Killed Dowan
    93 | D:4      | Reached skill level 6 in Axes
    93 | D:4      | Reached XP level 5. HP: 21/45 MP: 4/4
    93 | D:4      | Killed Duvessa
    93 | D:4      | Reached skill level 7 in Axes
    93 | D:4      | Reached XP level 6. HP: 24/51 MP: 5/5
   229 | D:5      | Entered Level 5 of the Dungeon
   270 | D:4      | Found a sand-covered staircase.
   279 | Ossuary  | Entered an ossuary
   279 | Ossuary  | Noticed GlaceonGamingDJ's ghost (amateur SpAs)
   296 | Ossuary  | Killed GlaceonGamingDJ's ghost
   296 | Ossuary  | Reached skill level 8 in Axes
   326 | Ossuary  | Reached skill level 9 in Axes
   326 | Ossuary  | Reached XP level 7. HP: 20/57 MP: 6/6
   499 | D:4      | Found an oddly glowing altar of Pakellas.
   509 | D:4      | Noticed blooo's ghost (novice SpTm)
   539 | D:4      | Killed blooo's ghost
   539 | D:4      | Reached skill level 10 in Axes
   632 | D:6      | Noticed Eustachio
   657 | D:6      | Killed Eustachio
   657 | D:6      | Reached skill level 11 in Axes
   695 | D:6      | Reached XP level 8. HP: 47/64 MP: 7/7
   777 | D:6      | Found a staircase to the Ecumenical Temple.
   786 | Temple   | Entered the Ecumenical Temple
   830 | Temple   | Became a worshipper of Warmaster Okawaru
   959 | D:7      | Reached skill level 12 in Axes
   965 | D:7      | Reached skill level 4 in Fighting
  1109 | D:8      | Reached skill level 5 in Fighting
  1112 | D:8      | Reached * piety under Okawaru
  1118 | D:8      | Reached skill level 6 in Fighting
  1143 | D:8      | Noticed Joseph
  1169 | D:8      | Killed Joseph
  1169 | D:8      | Reached skill level 8 in Fighting
  1169 | D:8      | Reached XP level 9. HP: 25/81 MP: 4/8
  1344 | D:9      | Reached skill level 9 in Fighting
  1412 | D:10     | Entered Level 10 of the Dungeon
  1422 | D:10     | Reached skill level 10 in Fighting
  1426 | D:10     | HP: 3/85 [orc warrior/long sword (13)]
  1427 | D:10     | Mangled by an orc warrior

Vault maps used:
D:1:      minmay_arrival_four_houses, st_stairs_3, serial_bayou_ford_a
D:2:      uniq_jessica, uniq_terence, uniq_robin, uniq_natasha
D:3:      minivault_26, uniq_sigmund
D:4:      first_bread, chequers_ossuary_entry_cave, corexii_corridor_pit,
          grunt_pakellas_sulfur, uniq_pikel, uniq_duvessa, uniq_menkaure
D:6:      uniq_eustachio
D:8:      grunt_livestock, uniq_joseph
D:9:      old_standard_altar
D:10:     david_orc_4, enter_bailey_3, eino_tiny_chamber
Temple:   kilobyte_greek_temple
Ossuary:  ossuary_minmay_tomb_2a

Skill      XL: |  1  2  3  4  5  6  7  8  9 |
---------------+----------------------------+-----
Axes           | 3 4 5 6 7 9 11 12 | 12.0
Fighting       | 8 10 | 10.0
Armour         | |  3.6
Shields        | |  3.6

Action                   |  1- 3 |  4- 6 |  7- 9 || total
-------------------------+-------+-------+-------++-------
Melee: War axe           |     4 |    65 |   170 ||   239
       Headbutt          |     1 |    11 |    30 ||    42
Invok: Heroism           |       |       |     7 ||     7
  Use: Potion            |     1 |     2 |     3 ||     6
       Scroll            |       |       |     9 ||     9
  Eat: Chunk             |       |       |     2 ||     2
Armor: Scale mail        |     1 |       |       ||     1
       Chain mail        |       |    57 |    79 ||   136
       Skin              |       |       |     7 ||     7
Dodge: Dodged            |     2 |    19 |    26 ||    47
Block: Shield            |     2 |    52 |    81 ||   135

Table legend:
 A = Turns spent in this place as a percentage of turns spent in the entire game.
 B = Non-inter-level travel turns spent in this place as a percentage of non-inter-level travel turns spent in the entire game.
 C = Inter-level travel turns spent in this place as a percentage of turns spent in this place.
 D = Turns resting spent in this place as a percentage of non-inter-level travel turns spent in this place.
 E = Turns spent auto-exploring this place as a percentage of non-inter-level travel turns spent in this place.
 F = Non-inter-level travel turns spent in this place divided by the number of levels of this place that you've seen.
                   A       B       C       D       E      F
               +-------+-------+-------+-------+-------+----------------------
         Total | 100.0 | 100.0 |   0.0 |   0.3 |   0.0 | 127.8
       Dungeon |  81.2 |  81.2 |   0.0 |   0.4 |   0.0 | 124.6
        Temple |   5.9 |   5.9 |   0.0 |   0.0 |   0.0 |  90.0
       Ossuary |  12.9 |  12.9 |   0.0 |   0.0 |   0.0 | 198.0
               +-------+-------+-------+-------+-------+----------------------

Table legend:
 A = Kills in this place as a percentage of kills in entire the game.
 B = Kills by you in this place as a percentage of kills by you in the entire game.
 C = Kills by friends in this place as a percentage of kills by friends in the entire game.
 D = Other kills in this place as a percentage of other kills in the entire game.
 E = Experience gained in this place as a percentage of experience gained in the entire game.
 F = Experience gained in this place divided by the number of levels of this place that you have seen.
                   A       B       C       D       E      F
               +-------+-------+-------+-------+-------+----------------------
         Total | 100.0 | 100.0 |  -nan |  -nan | 100.0 | 312.6
       Dungeon |  78.5 |  78.5 |  -nan |  -nan |  87.4 | 327.8
       Ossuary |  21.5 |  21.5 |  -nan |  -nan |  12.6 | 473.0
               +-------+-------+-------+-------+-------+----------------------
